 Dungeon Crawl Stone Soup version 0.32-a0-876-gcfddb08e57 (webtiles) character file.

Game seed: 4630445589138021702

70 Skryme the Ruffian (level 4, -3/32 HPs)
             Began as a Gnoll Shapeshifter on Apr 1, 2024.
             Was a Follower of Cheibriados.
             Slain by a gnoll
             ... wielding a +2 spear of distortion
              (11 damage)
             ... on level 3 of the Dungeon.
             The game lasted 00:02:48 (2123 turns).

Skryme the Ruffian (Gnoll Shapeshifter)             Turns: 2123, Time: 00:02:48

Health: -3/32      AC:  0    Str: 18    XL:     4   Next: 22%
Magic:  5/5        EV: 16    Int: 11    God:    Cheibriados [*.....]
Gold:   90         SH:  0    Dex: 13    Spells: 5/5 levels left

rFire   . .          .
                       - Unarmed
rCold   . . .        (shield currently unavailable)
rNeg    . . .        a - melded +0 animal skin
rPois   .            (no helmet)
rElec   .            (no cloak)
rCorr   .            (no gloves)
SInv    +            (no boots)
Will    .....        t - amulet of the acrobat
Stlth   +            s - ring of see invisible
HPRegen 0.25/turn    (no ring)
MPRegen 0.09/turn

%: acrobat
@: flux-form, glowing, very slow
A: glow, contaminating, reduced hp, fangs 1, strong nose, distributed training
a: Begin Untransformation, Renounce Religion, Bend Time


You were on level 3 of the Dungeon.
You worshipped Cheibriados.
Cheibriados was aware of your devotion.
You were something dangerously unstable.
You visited 1 branch of the dungeon, and saw 3 of its levels.

You collected 90 gold pieces.

Inventory:

Hand Weapons
 e - a +0 dagger
Armour
 a - a +0 animal skin (melded)
 b - a +0 chain mail
Jewellery
 s - a ring of see invisible (left hand)
 t - an amulet of the acrobat (around neck)
Talismans
 c - a beast talisman
 d - a flux talisman (active)
Scrolls
 g - a scroll of enchant armour {unknown}
 h - 2 scrolls of identify {unknown}
 i - a scroll of noise {unknown}
 j - a scroll of poison {unknown}
 k - a scroll of fear {unknown}
 l - a scroll of enchant weapon {unknown}
 m - a scroll of fog {unknown}
 o - 2 scrolls of silence
 q - a scroll of revelation {unknown}
Potions
 f - a potion of curing {unknown}
 n - a potion of cancellation {unknown}
 p - a potion of berserk rage {unknown}
 r - a potion of brilliance {unknown}


   Skills:
 + Level 2.7 Fighting
 + Level 1.1 Short Blades
 + Level 1.1 Long Blades
 + Level 1.1 Axes
 + Level 1.1 Maces & Flails
 + Level 1.1 Polearms
 + Level 1.1 Staves
 + Level 1.1 Ranged Weapons
 + Level 1.1 Throwing
 + Level 1.1 Armour
 + Level 4.6 Dodging
 + Level 1.1 Stealth
 + Level 1.1 Shields
 + Level 6.6 Unarmed Combat
 + Level 1.1 Spellcasting
 + Level 0.9 Conjurations
 + Level 0.9 Hexes
 + Level 0.9 Summonings
 + Level 0.9 Necromancy
 + Level 0.9 Translocations
 + Level 0.9 Fire Magic
 + Level 0.9 Ice Magic
 + Level 0.9 Air Magic
 + Level 0.9 Earth Magic
 + Level 0.9 Alchemy
 + Level 1.2 Invocations
 + Level 1.1 Evocations
 + Level 6.5 Shapeshifting


You had 5 spell levels left.
You didn't know any spells.
Your spell library contained the following spells:

 Spells                   Type           Power      Damage    Failure   Level
 Apportation              Tloc           4%         N/A       22%         1
 Magic Dart               Conj           8%         1d3       22%         1
 Blink                    Tloc           4%         N/A       32%         2
 Call Imp                 Summ           4%         N/A       32%         2
 Jinxbite                 Hex            4%         N/A       32%         2
 Alistair's Intoxication  Alch           1%         N/A       99%         5


Dungeon Overview and Level Annotations

Branches:
Dungeon (3/15)

Altars:
Cheibriados

Shops:
D:1 :**(


Innate Abilities, Weirdness & Mutations

You are something dangerously unstable.
You glow with magical radiation, making you easy to see and hit.
Foes you strike become dangerously contaminated with magical radiation.
Your maximum health is decreased, since you lack skill for your form.
You are incapable of wielding weapons or throwing items.
You have very sharp teeth.
Your uncanny sense of smell can sniff out nearby items.
Your experience applies equally to all skills.


Message History

You see here a +0 whip.
Found a stone staircase leading down.
No target in view!
Found a stone staircase leading down.
You pick up a book of Party Tricks and begin reading...
You add the spells Apportation, Jinxbite and Alistair's Intoxication to your library.
Found an escape hatch in the ceiling.
No target in view!
s - a ring of see invisible
s - a ring of see invisible (left hand)
Found a stone staircase leading up.
There is a stone staircase leading up here.
Found a stone staircase leading down.
t - an amulet of the acrobat You start putting on your amulet.
You continue putting on your amulet of the acrobat. x5
You finish putting on your amulet of the acrobat.
You feel ready to tumble and roll out of harm's way.
t - an amulet of the acrobat (around neck)
Found a ring mail.
A gnoll comes into view.
It is wielding a +2 spear of distortion.
The gnoll shouts!
A gnoll comes into view. It is wielding a +0 whip.
The gnoll shouts!
The gnoll completely misses you. The gnoll closely misses you.
The gnoll barely misses you.
You closely miss the gnoll. The gnoll barely misses you.
Unknown command.
You hit the gnoll.
The gnoll begins to glow.
The gnoll is lightly wounded.
The gnoll hits you with a +2 spear of distortion!
Space warps horribly around you!
* * * LOW HITPOINT WARNING * * *
Unknown command.
You completely miss the gnoll.
The gnoll is lightly wounded.
The gnoll hits you with a +2 spear of distortion!
You die...
Cheibriados appreciates the motionlessness of death.

##.## ##...##
##########.....###.#
.....g...g......##.#
####.#####.....###[#
##...## #.# ##g##
#.# #g# #.#
#p#####.##### #.#
#...........# #.#
#..####.###.# . #.#
#..# #.# #.# .##.#
#..# #.# #.# .##.#
#..####.# #.# .##.#
.>.##...# #.# .##.#
###.##.### #.# .##.#
#.##.# #.#


You could see 2 gnolls.

Vanquished Creatures
  Jessica (D:2)
  A dart slug (D:2)
  A ribbon worm (D:2)
  5 ball pythons
  2 endoplasms (D:1)
  A giant cockroach (D:1)
  4 goblins
  4 hobgoblins
  3 quokkas
  6 bats
  A frilled lizard (D:1)
  4 kobolds
  7 rats
40 creatures vanquished.

Notes
Turn   | Place    | Note
-------+----------+-------------------------------------------
     0 | D:1      | Skryme the Gnoll Shapeshifter began the quest for the Orb.
     0 | D:1      | Reached XP level 1. HP: 17/17 MP: 1/1
    15 | D:1      | Found Zozifiox's Antique Weapon Shoppe.
    52 | D:1      | Reached XP level 2. HP: 17/23 MP: 2/2
   656 | D:1      | Found Fionap's Book Shop.
   723 | D:1      | Found Vij Ezod's Assorted Antiques.
   940 | D:1      | Found Quimmae's General Store.
   994 | D:2      | Reached XP level 3. HP: 26/28 MP: 3/3
  1091 | D:2      | Found a faded altar of an unknown god.
  1150 | D:2      | Noticed Jessica
  1156 | D:2      | Killed Jessica
  1157 | D:2      | Reached skill level 1 in Short Blades
  1157 | D:2      | Reached skill level 1 in Long Blades
  1157 | D:2      | Reached skill level 1 in Axes
  1157 | D:2      | Reached skill level 1 in Maces & Flails
  1157 | D:2      | Reached skill level 1 in Polearms
  1157 | D:2      | Reached skill level 1 in Staves
  1157 | D:2      | Reached skill level 1 in Ranged Weapons
  1157 | D:2      | Reached skill level 1 in Throwing
  1157 | D:2      | Reached skill level 1 in Armour
  1157 | D:2      | Reached skill level 1 in Stealth
  1157 | D:2      | Reached skill level 1 in Shields
  1157 | D:2      | Reached skill level 1 in Spellcasting
  1157 | D:2      | Reached skill level 1 in Invocations
  1157 | D:2      | Reached skill level 1 in Evocations
  1186 | D:2      | Reached XP level 4. HP: 32/34 MP: 5/5
  1442 | D:2      | Prayed at the altar of an unknown god.
  1442 | D:2      | Became a worshipper of Cheibriados the Contemplative
  1442 | D:2      | Reached * piety under Cheibriados
  1830 | D:3      | Found the +5 Force Lance {heavy, knockback}
  2123 | D:3      | Slain by a gnoll

Illustrated notes

Levels and vault maps discovered:
D:1:      onia_arrival_handbag, layout_basic, serial_shops, shop,
          nicolae_shop_just_a_little_nook, shop, nicolae_shop_real_fake_doors,
          kennysheep_minor_cross, serial_bayou_pond_d, minmay_pentomino_q4
D:2:      layout_basic, ebering_ecumenical_altar_box, uniq_jessica
D:3:      layout_loops_ring

Skill      XL: |  1  2  3 |
---------------+----------+-----
Short Blades   | 1 |  1.1
Long Blades    | 1 |  1.1
Axes           | 1 |  1.1
Maces & Flails | 1 |  1.1
Polearms       | 1 |  1.1
Staves         | 1 |  1.1
Ranged Weapons | 1 |  1.1
Throwing       | 1 |  1.1
Armour         | 1 |  1.1
Stealth        | 1 |  1.1
Shields        | 1 |  1.1
Spellcasting   | 1 |  1.1
Invocations    | 1 |  1.2
Evocations     | 1 |  1.1
Fighting       | |  2.7
Dodging        | |  4.6
Unarmed Combat | |  6.6
Conjurations   | |  0.9
Hexes          | |  0.9
Summonings     | |  0.9
Necromancy     | |  0.9
Translocations | |  0.9
Fire Magic     | |  0.9
Ice Magic      | |  0.9
Air Magic      | |  0.9
Earth Magic    | |  0.9
Alchemy        | |  0.9
Shapeshifting  | |  6.5

Action                     |  1- 3 |  4- 6 || total
---------------------------+-------+-------++-------
  Melee: Unarmed           |    64 |    31 ||    95
         Bite              |     6 |     3 ||     9
    Use: Potion            |     1 |       ||     1
         Scroll            |       |     1 ||     1
 Armour: Animal skin       |     8 |       ||     8
         Skin              |    26 |    10 ||    36
  Dodge: Dodged            |    52 |    27 ||    79
   Form: Flux              |     1 |       ||     1

Table legend: (Time is in decaauts)
 A = Elapsed time spent in this place.
 B = Non-inter-level travel time spent in this place.
 C = Inter-level travel time spent in this place.
 D = Time resting spent in this place.
 E = Time spent auto-exploring this place.
 F = Levels seen in this place.
 G = Mean time per level.
                   A        B        C        D        E       F      G
               +--------+--------+--------+--------+--------+-----+--------+
         Total |   2341 |   2307 |     34 |    244 |   1743 |   3 |  780.3 |
       Dungeon |   2341 |   2307 |     34 |    244 |   1743 |   3 |  780.3 |
               +--------+--------+--------+--------+--------+-----+--------+

Top non-repeatable levels by time:
     D:1: 959 daAuts
     D:2: 897 daAuts
     D:3: 484 daAuts
